 Dungeon Sprint DCSS version 0.22-a0-425-g89d60a1 (webtiles) character file.

438 jerryfan the Covered (level 7, -1/59 HPs)
             Began as a Gnoll Wanderer on May 24, 2018.
             Slain by a polar bear (13 damage)
             ... in the Dungeon (Sprint II: "The Violet Keep of Menkaure").
             The game lasted 00:03:55 (681 turns).

jerryfan the Covered (Gnoll Wanderer)                Turns: 681, Time: 00:03:56

Health: -1/59      AC:  6    Str: 14    XL:     7   Next: 1%
Magic:  15/15      EV: 13    Int: 15    God:
Gold:   486        SH:  0    Dex: 16    Spells: 17/17 levels left

rFire    . . .     SeeInvis .   a - +2 shortbow
rCold    . . .     Gourm    .   (shield currently unavailable)
rNeg     . . .     Faith    .   c - +0 ring mail
rPois    .         Spirit   .   (no helmet)
rElec    .         Reflect  .   (no cloak)
rCorr    .         Harm     .   (no gloves)
MR       .....     NoTele   +   (no boots)
Stlth    +.........             (no amulet)
HPRegen  0.19/turn              (no ring)
MPRegen  0.14/turn              (no ring)

@: very slow
A: distributed training, fangs 1, strong nose
a: no special abilities


You were in the Dungeon.
You were not hungry.

You visited 1 branch You collected 486 gold pieces.

Inventory:

Hand Weapons
 a - a +2 shortbow (weapon)
Missiles
 b - 19 arrows (quivered)
Armour
 c - a +0 ring mail (worn)
Scrolls
 j - a scroll of blinking
Potions
 e - a potion of curing
 h - 2 potions of magic
 i - a potion of berserk rage
Comestibles
 d - a ration


   Skills:
 + Level 6.8 Fighting
 + Level 5.0 Short Blades
 + Level 5.0 Long Blades
 + Level 5.0 Axes
 + Level 5.0 Maces & Flails
 + Level 5.0 Polearms
 + Level 5.0 Staves
 + Level 5.0 Slings
 + Level 5.6 Bows
 + Level 5.0 Crossbows
 + Level 5.6 Throwing
 + Level 6.8 Armour
 + Level 5.0 Dodging
 + Level 5.5 Stealth
 + Level 5.0 Shields
 + Level 5.0 Unarmed Combat
 + Level 5.8 Spellcasting
 + Level 4.1 Conjurations
 + Level 4.1 Hexes
 + Level 4.7 Charms
 + Level 4.1 Summonings
 + Level 4.1 Necromancy
 + Level 4.1 Translocations
 + Level 4.1 Transmutations
 + Level 4.1 Fire Magic
 + Level 4.1 Ice Magic
 + Level 4.1 Air Magic
 + Level 4.1 Earth Magic
 + Level 4.7 Poison Magic
 + Level 5.4 Invocations
 + Level 5.0 Evocations


You had 17 spell levels left.
You didn't know any spells.
Your spell library was empty.

Dungeon Overview and Level Annotations

Branches:
Dungeon (1/1)

Altars:
Cheibriados
Dithmenos
Elyvilon
Fedhas
Gozag
Hepliaklqana
Kikubaaqudgha
Makhleb
Qazlal
Ru
Sif Muna
Trog
Uskayaw
Wu Jian
Xom
Yredelemnul
The Shining One
Beogh
Jiyva
Lugonu

Annotations:
D Roxanne


Innate Abilities, Weirdness & Mutations

Your experience applies equally to all skills.
You have very sharp teeth.
Your uncanny sense of smell can sniff out nearby items.


Message History

The polar bear claws you but does no damage.
The polar bear barely misses you. A spear shoots out and hits you!
* * * LOW HITPOINT WARNING * * *
There is a spear trap here.
A spear hits the polar bear, but does no damage!
The polar bear barely misses you. The polar bear completely misses you.
The polar bear barely misses you.
You enter the shallow water.
Moving in this stuff is going to be slow.
A polar bear, a hornet and a yaktaur come into view.
The hornet buzzes angrily.
You hear an angry growl. x2
The polar bear growls angrily.
A polar bear comes into view. x2
The yaktaur moves out of view.
Found four items.
Found an opulent altar of Gozag.
Do you really want to go berserk while wielding your +2 shortbow?
Okay, then.
The polar bear bites you!
You die... ##..# ####.# ∆∆ ∆∆∆ .##.####∆∆+.### ∆∆ ∆∆∆∆ w.#....#∆ #^..# ## ∆∆∆∆? . ###..#####^.# $# ∆∆∆$! ###.##..#.$'..# y# ∆∆)[? ##...#§.#?.#..# h# ∆[!%! .'.##'..####.^##h# $?($"

##...#....###t.h##▓▓▓▓▓▓
###.##......≈≈hh@≈≈≈≈≈≈≈
#####§≈.....≈#+########+
..#≈≈≈≈≈≈≈..≈#.._.....#§
.##≈§§≈≈≈≈≈.≈#._._....#≈
##≈≈≈§≈≈§§§≈≈#_._._...#§
≈≈≈≈§§≈§§≈≈§§#._._._..#§
'''#≈§≈§≈≈§§§#_._._._.#§
≈≈##≈≈≈###§≈#._._._._#§
##≈≈ ∆#§§#_._._


You could see 3 polar bears and a crocodile.

Vanquished Creatures
  4 necrophages (D)
  4 worker ants (D)
8 creatures vanquished.

Vanquished Creatures (others)
  Menkaure (D)
  A crocodile (D)
2 creatures vanquished.

Grand Total: 10 creatures vanquished

Notes
Turn   | Place    | Note
-------+----------+-------------------------------------------
     0 | D        | jerryfan the Gnoll Wanderer began the quest for the Orb.
     0 | D        | jerryfan set off with: a +2 shortbow, 28 arrows, a +0 ring mail, a ration, a potion of curing, a potion of heal wounds, a potion of haste, 2 potions of magic, a potion of berserk rage, a scroll of blinking
     0 | D        | Reached XP level 1. HP: 20/20 MP: 4/4
     1 | D        | Noticed a tyrant leech
     1 | D        | Noticed a tyrant leech
     5 | D        | Noticed a necrophage
     5 | D        | Noticed a necrophage
     5 | D        | Noticed a necrophage
     5 | D        | Noticed a necrophage
    16 | D        | Killed a necrophage
    16 | D        | Reached skill level 5 in Fighting
    16 | D        | Reached skill level 5 in Armour
    16 | D        | Reached XP level 2. HP: 18/27 MP: 4/6
    16 | D        | Reached XP level 3. HP: 22/33 MP: 5/8
    16 | D        | Reached XP level 4. HP: 27/39 MP: 5/9
    23 | D        | Killed a necrophage
    23 | D        | Reached XP level 5. HP: 32/46 MP: 5/11
    34 | D        | Killed a necrophage
    34 | D        | Reached skill level 5 in Spellcasting
    34 | D        | Reached XP level 6. HP: 25/49 MP: 6/13
    40 | D        | Killed a necrophage
    40 | D        | Reached skill level 5 in Bows
    40 | D        | Reached skill level 5 in Throwing
    40 | D        | Reached skill level 5 in Stealth
    40 | D        | Reached skill level 5 in Invocations
   201 | D        | Killed Menkaure
   324 | D        | Reached skill level 5 in Short Blades
   324 | D        | Reached skill level 5 in Long Blades
   324 | D        | Reached skill level 5 in Axes
   324 | D        | Reached skill level 5 in Maces & Flails
   324 | D        | Reached skill level 5 in Polearms
   324 | D        | Reached skill level 5 in Staves
   324 | D        | Reached skill level 5 in Slings
   324 | D        | Reached skill level 5 in Crossbows
   324 | D        | Reached skill level 5 in Dodging
   324 | D        | Reached skill level 5 in Shields
   324 | D        | Reached skill level 5 in Unarmed Combat
   324 | D        | Reached skill level 5 in Evocations
   324 | D        | Reached XP level 7. HP: 22/56 MP: 15/15
   327 | D        | Noticed Roxanne
   612 | D        | Noticed a merfolk siren
   649 | D        | Found a stormy altar of Qazlal.
   650 | D        | Found an ornate altar of the Wu Jian Council.
   651 | D        | Found a hazy altar of Hepliaklqana.
   651 | D        | Found a sacrificial altar of Ru.
   651 | D        | Found a shimmering altar of Xom.
   652 | D        | Found a roughly hewn altar of Beogh.
   652 | D        | Found a viscous altar of Jiyva.
   652 | D        | Found a deep blue altar of Sif Muna.
   653 | D        | Found a snail-covered altar of Cheibriados.
   653 | D        | Found an ancient bone altar of Kikubaaqudgha.
   653 | D        | Found a bloodstained altar of Trog.
   653 | D        | Found a glowing golden altar of the Shining One.
   653 | D        | Found a basalt altar of Yredelemnul.
   654 | D        | Found a shadowy altar of Dithmenos.
   654 | D        | Found a corrupted altar of Lugonu.
   654 | D        | Found a hide-covered altar of Uskayaw.
   655 | D        | Found a white marble altar of Elyvilon.
   655 | D        | Found a burning altar of Makhleb.
   656 | D        | Found a blossoming altar of Fedhas.
   659 | D        | Noticed a polar bear
   660 | D        | Noticed a polar bear
   665 | D        | Noticed a deep elf master archer
   680 | D        | Found an opulent altar of Gozag.
   680 | D        | Noticed a yaktaur
   680 | D        | Noticed a hornet
   680 | D        | Noticed a polar bear
   680 | D        | Noticed a polar bear
   680 | D        | Noticed a polar bear
   681 | D        | Slain by a polar bear

Vault maps used:
D:        the_violet_keep_of_menkaure

Skill      XL: |  1  2  3  4  5  6 |
---------------+-------------------+-----
Fighting       | 5 6 |  6.8
Short Blades   | 2 3 4 5 |  5.0
Long Blades    | 2 3 4 5 |  5.0
Axes           | 2 3 4 5 |  5.0
Maces & Flails | 2 3 4 5 |  5.0
Polearms       | 2 3 4 5 |  5.0
Staves         | 2 3 4 5 |  5.0
Slings         | 2 3 4 5 |  5.0
Bows           | 3 4 5 |  5.6
Crossbows      | 2 3 4 5 |  5.0
Throwing       | 3 4 5 |  5.6
Armour         | 5 6 |  6.8
Dodging        | 2 3 4 5 |  5.0
Stealth        | 3 4 5 |  5.5
Shields        | 2 3 4 5 |  5.0
Unarmed Combat | 2 3 4 5 |  5.0
Spellcasting   | 3 4 5 |  5.8
Conjurations   | 2 3 4 |  4.1
Hexes          | 2 3 4 |  4.1
Charms         | 3 4 |  4.7
Summonings     | 2 3 4 |  4.1
Necromancy     | 2 3 4 |  4.1
Translocations | 2 3 4 |  4.1
Transmutations | 2 3 4 |  4.1
Fire Magic     | 2 3 4 |  4.1
Ice Magic      | 2 3 4 |  4.1
Air Magic      | 2 3 4 |  4.1
Earth Magic    | 2 3 4 |  4.1
Poison Magic   | 3 4 |  4.7
Invocations    | 3 4 5 |  5.4
Evocations     | 2 3 4 5 |  5.0

Action                   |  1- 3 |  4- 6 |  7- 9 || total
-------------------------+-------+-------+-------++-------
Melee: Unarmed           |       |     3 |       ||     3
 Fire: Shortbow          |     8 |    49 |     3 ||    60
  Use: Potion            |     1 |       |     1 ||     2
Armor: Ring mail         |     3 |     5 |     1 ||     9
Dodge: Dodged            |     2 |    24 |     8 ||    34

Table legend:
 A = Spawn XP
 B = Non-spawn XP
 C = Spawn XP percentage of total XP
 D = Spawn monster count
 E = Non-spawn monster count
 F = Spawn count percentage of total count
 G = Total turns spent on level
                    A         B        C        D         E        F      G
               +---------+---------+-------+---------+---------+-------+---------
         Total |       0 |     626 |   0.0 |       0 |       8 |   0.0 |   681
               +---------+---------+-------+---------+---------+-------+---------
             D |       0 |     626 |   0.0 |       0 |       8 |   0.0 |   681
               +---------+---------+-------+---------+---------+-------+---------
